 Dungeon Crawl Stone Soup version 0.23.2-11-gf996548c65 (webtiles) character file.

Game seed: 2066623598570240100

3131 troglodite the Grave Robber (level 9, -9/67 HPs)
             Began as a Demigod Necromancer on June 5, 2019.
             Mangled by a sun demon (16 damage)
             ... summoned by a kobold demonologist
             ... on level 8 of the Dungeon on June 6, 2019.
             The game lasted 00:37:33 (11987 turns).

troglodite the Grave Robber (Demigod Necromancer)  Turns: 11987, Time: 00:37:34

Health: -9/67      AC:  6    Str: 11    XL:     9   Next: 35%
Magic:  2/23       EV: 15    Int: 23    God:
Gold:   112        SH:  0    Dex: 21    Spells: 9/21 levels left

rFire    . . .     SeeInvis .   L - staff of summoning
rCold    + . .     Gourm    .   (no shield)
rNeg     + . .     Faith    .   K - +2 robe {rN+}
rPois    .         Spirit   .   F - +0 helmet
rElec    .         Reflect  .   (no cloak)
rCorr    .         Harm     .   l - +0 pair of gloves
MR       .....                  (no boots)
Stlth    ++........             (no amulet)
HPRegen  0.21/turn              J - +3 ring of dexterity
MPRegen  0.18/turn              r - ring of protection from cold

@: no status effects
A: high mp 1
a: no special abilities


You were on level 8 of the Dungeon.
You were near starving.

You visited 1 branch of the dungeon, and saw 8 of its levels.

You collected 374 gold pieces.
You spent 262 gold pieces at shops.

Inventory:

Armour
 l - a +0 pair of gloves (worn)
 F - a +0 helmet (worn)
 K - a +2 robe of positive energy (worn)
Magical Staves
 L - an uncursed staff of summoning (weapon)
Jewellery
 b - an uncursed ring of resist corrosion
 i - an uncursed ring of positive energy {unknown}
 r - a ring of protection from cold (right hand)
 J - a +3 ring of dexterity (left hand)
Wands
 m - a wand of flame (22)
 y - a wand of random effects (14)
 G - a wand of polymorph (9)
 N - a wand of iceblast (12)
Scrolls
 d - 2 scrolls of noise {unknown}
 g - 8 scrolls of remove curse
 j - 2 scrolls of enchant weapon {unknown}
 q - 3 scrolls of blinking {unknown}
 t - 3 scrolls of amnesia
 u - a scroll of magic mapping {unknown}
 v - 3 scrolls of enchant armour {unknown}
 w - 7 scrolls of teleportation {unknown}
 E - a scroll of summoning {unknown}
 I - a scroll of torment {unknown}
 M - 4 scrolls of identify
Potions
 a - 2 potions of invisibility {unknown}
 e - 2 potions of cancellation
 f - a potion of lignification {unknown}
 h - 7 potions of curing
 o - 2 potions of resistance {unknown}
 p - 4 potions of might
 s - a potion of flight {unknown}
 x - a potion of berserk rage {unknown}
 z - 2 potions of haste
 A - 2 potions of degeneration {unknown}
 B - 2 potions of ambrosia
 C - 2 potions of agility
 D - a potion of mutation {unknown}
 H - a potion of brilliance {unknown}
Comestibles
 c - 19 rations


   Skills:
 + Level 1.7 Fighting
   Level 1.6 Short Blades
 * Level 2.7 Staves
 + Level 2.5 Armour
 * Level 4.1 Dodging
 + Level 2.2 Stealth
 * Level 6.7 Spellcasting
 * Level 3.4 Charms
 * Level 7.5 Necromancy
 * Level 1.4 Evocations


You had 9 spell levels left.
You knew the following spells:

 Your Spells              Type           Power        Failure   Level  Hunger
a - Pain                  Necr           ####         1%          1    None
b - Animate Skeleton      Necr           N/A          1%          1    None
c - Vampiric Draining     Necr           #####.....   1%          3    None
d - Regeneration          Chrm/Necr      ####......   2%          3    None
e - Animate Dead          Necr           N/A          3%          4    ###....

Your spell library contained the following spells:

 Spells                   Type           Power        Failure   Level  Hunger


Dungeon Overview and Level Annotations

Branches:
Dungeon (8/15)             Temple (0/1) D:7
   Lair: D:8-11

Shops:
D:7 *(*!

Annotations:
D:7 1 runed translucent door


Innate Abilities, Weirdness & Mutations

You have an increased reservoir of magic. (+10% MP)


Message History

The kobold demonologist casts a cantrip, but nothing happens.
The iron imp closely misses you. The bullfrog hits you.
You barely miss the bullfrog.
The bullfrog is moderately wounded.
The bullfrog hits you.
The kobold demonologist mumbles some strange words.
You closely miss the bullfrog.
The bullfrog is moderately wounded.
The bullfrog closely misses you.
The kobold demonologist begins to cast a cantrip, but forgets the words!
The bullfrog hits you.
A sky beast comes into view.
Unknown command.
As you read the scroll labeled REMYMUDECU, it crumbles to dust.
It is a scroll of amnesia.
Okay, then.
The bullfrog misses you. The sun demon hits you!!
* * * LOW HITPOINT WARNING * * *
You are engulfed in flames!
You die...

###..####.#
#.#...#.####.....#
#.. ..# #.#...#.#
#....## ## ###
#.#...#.# #......
#.......# ####[##
#######.###### #.#
..# #.......# #.##
#5# #..####.# #...
####4###...## #.###
#..5K3@F....# #.#
#Y##K###.#.........
#)# #...###.###
#.......# #..... #
##.###### ##.####
.# .. ..


You could see a sun demon, an ice devil, 2 kobold demonologists, a sky beast, a
bullfrog and an iron imp.

Vanquished Creatures
  Joseph (D:7)
  Psyche (D:8)
  2 kobold demonologists (D:8)
  An orc warrior (D:6)
  2 sky beasts
  3 ice beasts
  A centaur (D:7)
  Blork the orc (D:6)
  A bullfrog (D:6)
  2 scorpions (D:7)
  3 crimson imps
  A centaur zombie (D:6)
  2 jellies (D:5)
  4 orc priests
  2 bullfrog skeletons
  3 iguanas (D:5)
  4 orc wizards
  5 worker ants
  A gnoll (D:1)
  7 adders
  4 oozes
  An adder skeleton (D:4)
  An adder zombie (D:6)
  A worm (D:5)
  2 dart slugs (D:2)
  5 leopard geckos
  21 orcs
  3 ball pythons
  8 bats
  5 giant cockroaches
  4 goblins
  10 hobgoblins
  2 quokkas
  5 frilled lizards
  A jackal zombie (D:7)
  7 kobolds
  A quokka skeleton (D:4)
  9 rats
137 creatures vanquished.

Vanquished Creatures (collateral kills)
  A hippogriff (D:8)
  A phantom (D:7)
  An orc (D:8)
3 creatures vanquished.

Grand Total: 140 creatures vanquished

Notes
Turn   | Place    | Note
-------+----------+-------------------------------------------
     0 | D:1      | troglodite the Demigod Necromancer began the quest for the
                  | Orb.
     0 | D:1      | Reached XP level 1. HP: 14/14 MP: 5/5
   276 | D:1      | Reached XP level 2. HP: 14/20 MP: 5/7
   664 | D:1      | Reached skill level 4 in Necromancy
  1432 | D:1      | Learned a level 1 spell: Animate Skeleton
  1506 | D:2      | Found a blossoming altar of Fedhas.
  1506 | D:2      | Found a stormy altar of Qazlal.
  1565 | D:2      | Reached XP level 3. HP: 21/26 MP: 3/9
  1632 | D:2      | Learned a level 3 spell: Vampiric Draining
  3068 | D:3      | Reached XP level 4. HP: 29/33 MP: 8/11
  3073 | D:3      | Learned a level 3 spell: Regeneration
  3491 | D:3      | Reached XP level 5. HP: 30/38 MP: 1/13
  3973 | D:3      | Found a glowing golden altar of the Shining One.
  4516 | D:4      | Noticed a phantom
  4874 | D:4      | Reached skill level 1 in Armour
  5105 | D:4      | Reached skill level 1 in Charms
  5441 | D:5      | Entered Level 5 of the Dungeon
  5441 | D:5      | Noticed a phantom
  5574 | D:3      | Reached XP level 6. HP: 8/46 MP: 14/14
  7040 | D:5      | Reached skill level 5 in Necromancy
  7351 | D:5      | Reached skill level 1 in Fighting
  7877 | D:5      | Learned a level 4 spell: Animate Dead
  8032 | D:6      | Reached skill level 1 in Short Blades
  8032 | D:6      | Reached XP level 7. HP: 48/52 MP: 9/16
  8165 | D:6      | Noticed Blork the orc
  8178 | D:6      | Killed Blork the orc
  9510 | D:7      | Found Tamecred's Distillery.
  9589 | D:7      | Reached skill level 5 in Spellcasting
  9589 | D:7      | Reached skill level 6 in Necromancy
  9589 | D:7      | Reached XP level 8. HP: 52/59 MP: 19/19
  9636 | D:7      | Found Xagiufua's Antique Weapon Boutique.
  9744 | D:7      | Noticed a sixfirhy
  9764 | D:7      | Found a runed translucent door.
  9799 | D:7      | Reached skill level 1 in Staves
 10003 | D:7      | Found an ornate altar of the Wu Jian Council.
 10518 | D:7      | Found a staircase to the Ecumenical Temple.
 10657 | D:7      | Found Padorull's Assorted Antiques.
 10660 | D:7      | Bought a steaming leather armour for 217 gold pieces
 10670 | D:7      | Identified the cursed +0 leather armour of Ceala {Dex+3
                  | Stlth+} (You bought it in a shop on level 7 of the Dungeon)
 10691 | D:7      | Noticed Joseph
 10709 | D:7      | Killed Joseph
 11065 | D:7      | Found Bagedgh's General Store.
 11075 | D:7      | Bought a +0 pair of gloves for 45 gold pieces
 11178 | D:8      | Found a shattered altar of Ashenzari.
 11178 | D:8      | Found a hazy altar of Hepliaklqana.
 11178 | D:8      | Found a burning altar of Makhleb.
 11490 | D:8      | Noticed a hippogriff
 11497 | D:8      | Noticed Psyche
 11505 | D:8      | Killed a hippogriff
 11801 | D:8      | Reached skill level 7 in Necromancy
 11801 | D:8      | Reached XP level 9. HP: 52/64 MP: 10/22
 11807 | D:8      | Killed Psyche
 11807 | D:8      | Reached skill level 1 in Evocations
 11944 | D:8      | Noticed a kobold demonologist
 11952 | D:8      | Noticed a kobold demonologist
 11957 | D:8      | Noticed an orange demon
 11958 | D:8      | Killed a kobold demonologist
 11958 | D:8      | Noticed a rust devil
 11960 | D:8      | Noticed a kobold demonologist
 11977 | D:8      | Killed a kobold demonologist
 11977 | D:8      | Noticed a kobold demonologist
 11983 | D:8      | Noticed an ice devil
 11983 | D:8      | Noticed a sun demon
 11987 | D:8      | Mangled by a sun demon

Skill      XL: |  1  2  3  4  5  6  7  8  9 |
---------------+----------------------------+-----
Spellcasting   | 2 3 4 5 6 |  6.7
Necromancy     | 4 5 6 7 |  7.5
Dodging        | 2 3 4 |  4.1
Armour         | 1 2 |  2.5
Charms         | 1 2 3 |  3.4
Fighting       | 1 |  1.7
Stealth        | 2 |  2.2
Short Blades   | 1 |  1.6
Staves         | 2 |  2.7
Evocations     | 1 |  1.4

Action                   |  1- 3 |  4- 6 |  7- 9 || total
-------------------------+-------+-------+-------++-------
Melee: Club              |     9 |       |       ||     9
       Dagger            |    24 |   142 |   142 ||   308
       Staff             |       |       |    49 ||    49
 Cast: Pain              |    53 |    62 |    73 ||   188
       Vampiric Draining |       |     6 |    46 ||    52
       Animate Dead      |       |       |     2 ||     2
       Animate Skeleton  |       |       |     1 ||     1
  Use: Scroll            |       |     8 |     3 ||    11
       Potion            |       |       |     5 ||     5
 Stab: Sleeping          |       |     1 |     1 ||     2
  Eat: Chunk             |     7 |    14 |     7 ||    28
       Ration            |       |     1 |     1 ||     2
Armor: Robe              |     4 |       |    33 ||    37
       Leather armour    |     2 |    29 |    10 ||    41
Dodge: Dodged            |    19 |    79 |   185 ||   283
